 Dungeon Crawl Stone Soup version 0.31-a0-121-g1e386dd289 (webtiles) character file.

Game seed: 2644034199796740115

117 night the Shooter (level 4, -3/36 HPs)
             Began as a Demigod Hunter on May 31, 2023.
             Slain by Sigmund
             ... wielding a +0 scythe of protection
              (11 damage)
             ... on level 3 of the Dungeon.
             The game lasted 00:05:01 (2284 turns).

night the Shooter (Demigod Hunter)                  Turns: 2284, Time: 00:05:02

Health: -3/36      AC:  5    Str: 12    XL:     4   Next: 44%
Magic:  6/6        EV: 13    Int: 11    God:
Gold:   155        SH:  0    Dex: 21    Spells: 3/3 levels left

rFire   . . .        a - +0 shortbow
rCold   . . .        (shield currently unavailable)
rNeg    . . .        c - +1 leather armour
rPois   .            (no helmet)
rElec   .            (no cloak)
rCorr   .            (no gloves)
SInv    .            g - +0 pair of boots
Will    .....        (no amulet)
Stlth   ++           (no ring)
HPRegen 0.26/turn    (no ring)
MPRegen 0.10/turn

%: no passive effects
@: no status effects
A: high MP 1, forlorn, divine attributes
a: no special abilities


You were on level 3 of the Dungeon.
You visited 1 branch of the dungeon, and saw 3 of its levels.

You collected 155 gold pieces.

Inventory:

Hand Weapons
 a - a +0 shortbow (weapon)
 n - a +1 dagger of distortion
Missiles
 f - 34 stones
 i - 5 boomerangs
 k - 5 javelins
Armour
 c - a +1 leather armour (worn)
 g - a +0 pair of boots (worn)
Jewellery
 r - a ring of magical power
Scrolls
 b - a scroll of butterflies
 j - a scroll of teleportation {unknown}
 p - a scroll of fog
 q - a scroll of blinking
 s - a scroll of enchant armour
 t - a scroll of amnesia {unknown}
 u - a scroll of identify {unknown}
Potions
 d - a potion of lignification {unknown}
 e - a potion of haste
 h - a potion of enlightenment
 l - a potion of degeneration {unknown}
 m - a potion of ambrosia {unknown}
 o - a potion of heal wounds


   Skills:
 - Level 1.7 Fighting
 - Level 1.1 Long Blades
 * Level 4.8 Ranged Weapons
 + Level 2.8 Dodging
 - Level 0.8 Stealth


You had 3 spell levels left.
You didn't know any spells.
Your spell library contained the following spells:

 Spells                   Type           Power      Damage    Failure   Level
 Freeze                   Ice            0%         1d3       41%         1
 Kiss of Death            Conj/Necr      0%         2d5       41%         1
 Confusing Touch          Hex            0%         N/A       80%         3
 Frozen Ramparts          Ice            0%         1d1       80%         3
 Hailstorm                Conj/Ice       0%         3d3       80%         3
 Dispel Undead            Necr           0%         3d6       99%         4


Dungeon Overview and Level Annotations

Branches:
Dungeon (3/15)

Shops:
D:1 :   D:3 [

Annotations:
D:3 Sigmund


Innate Abilities, Weirdness & Mutations

You have an increased reservoir of magic. (+10% MP)
You shall have no god before yourself.
Your divine heritage dramatically boosts your attributes as you level up.


Message History

You slide downwards.
The hatch slams shut behind you.
Level annotation: Sigmund You shoot an arrow.
The arrow barely misses Sigmund.
Sigmund shouts!
You shoot an arrow. The arrow hits Sigmund.
Sigmund is lightly wounded.
You shoot an arrow. The arrow barely misses Sigmund.
You shoot an arrow. The arrow hits Sigmund.
Sigmund is lightly wounded.
You shoot an arrow. The arrow closely misses Sigmund.
Sigmund hits you from afar with a +0 scythe of protection.
You shoot an arrow. The arrow hits Sigmund.
Sigmund is moderately wounded.
Sigmund misses you.
You shoot an arrow.
The arrow hits Sigmund but does no damage.
Sigmund is moderately wounded.
Sigmund barely misses you.
You shoot an arrow. The arrow barely misses Sigmund.
You shoot an arrow. The arrow hits Sigmund.
Sigmund is heavily wounded.
Sigmund hits you from afar with a +0 scythe of protection!
You shoot an arrow. The arrow hits Sigmund.
Sigmund is severely wounded.
Sigmund gestures wildly while chanting.
Sigmund flickers and vanishes!
Deactivating autopickup; reactivate with Ctrl-A.
No target in view!
No target in view!
Something hits you!
You shoot an arrow. Something hits you.
You shoot an arrow.
You hear some strange, mumbled words.
A puff of flame appears from out of thin air!
The puff of flame hits you!
* * * LOW HITPOINT WARNING * * *
You shoot an arrow. Something hits you.
* * * LOW HITPOINT WARNING * * *
You shoot an arrow. Something hits you!
You die...

####### ##.....##
##.......##
#.........# #
#.........# #
#.........# #
#....>....#
#.........#
##.....@.## .#
#......{..# .#
#.........# #.#
#######.........##..
#...........<...#..
#...............#.#
#..............##.#
#.................#
#...........####..#


There were no monsters in sight!

Vanquished Creatures
  Robin (D:3)
  An adder (D:2)
  A gnoll (D:1)
  2 worms (D:2)
  2 dart slugs
  2 bats
  11 endoplasms
  3 giant cockroaches
  10 hobgoblins
  7 quokkas
  5 ball pythons
  4 frilled lizards
  11 goblins
  4 kobolds
  7 rats
71 creatures vanquished.

Notes
Turn   | Place    | Note
-------+----------+-------------------------------------------
     0 | D:1      | night the Demigod Hunter began the quest for the Orb.
     0 | D:1      | Reached XP level 1. HP: 17/17 MP: 3/3
    76 | D:1      | Reached skill level 2 in Dodging
    82 | D:1      | Reached XP level 2. HP: 22/24 MP: 4/4
   100 | D:1      | Reached skill level 4 in Ranged Weapons
   199 | D:1      | Reached skill level 1 in Long Blades
   317 | D:1      | Reached XP level 3. HP: 29/29 MP: 5/5
   322 | D:1      | Found Qamostro's Book Boutique.
  1381 | D:3      | Noticed Sigmund
  1540 | D:3      | Reached XP level 4. HP: 36/36 MP: 6/6
  1553 | D:3      | Noticed Robin
  1594 | D:3      | Killed Robin
  1729 | D:3      | Found Dinid's Armour Boutique.
  2284 | D:3      | Slain by Sigmund

Illustrated notes

Levels and vault maps discovered:
D:1:      minmay_arrival_glassed_features, layout_rooms,
          nicolae_ecumenical_snake_handling, serial_shops,
          nicolae_book_shop_shelving, minmay_hexomino_u4
D:2:      layout_basic
D:3:      layout_rooms, nicolae_overflow_ecumenical_swirl, serial_shops,
          nicolae_shop_hallway_stairs, uniq_robin, uniq_sigmund

Skill      XL: |  1  2 |
---------------+-------+-----
Dodging        | 2 |  2.8
Ranged Weapons | 4 |  4.8
Long Blades    | 1 |  1.1
Fighting       | |  1.7
Stealth        | |  0.8

Action                     |  1- 3 |  4- 6 || total
---------------------------+-------+-------++-------
   Fire: Shortbow          |   126 |    90 ||   216
    Use: Scroll            |     5 |       ||     5
         Potion            |       |     2 ||     2
 Armour: Leather armour    |     6 |    19 ||    25
  Dodge: Dodged            |    36 |    35 ||    71

Table legend: (Time is in decaauts)
 A = Elapsed time spent in this place.
 B = Non-inter-level travel time spent in this place.
 C = Inter-level travel time spent in this place.
 D = Time resting spent in this place.
 E = Time spent auto-exploring this place.
 F = Levels seen in this place.
 G = Mean time per level.
                   A        B        C        D        E       F      G
               +--------+--------+--------+--------+--------+-----+--------+
         Total |   2333 |   2204 |    129 |    153 |   1606 |   3 |  777.7 |
       Dungeon |   2333 |   2204 |    129 |    153 |   1606 |   3 |  777.7 |
               +--------+--------+--------+--------+--------+-----+--------+

Top non-repeatable levels by time:
     D:2: 1041 daAuts
     D:3: 690 daAuts
     D:1: 601 daAuts
